TOP OF THE 1ST |
Hamilton Cardinals batting - Pitching for Brockton Rox : RHP Mitsuharu Yoshimoto
|
Pitching: RHP Mitsuharu Yoshimoto
|
|
Batting: RHB Jonathan Winkler
|
0-0: Ground out 6-3 (Groundball, 6MS, EV 88.1 MPH)
|
Batting: RHB Juan Carrillo
|
0-0: Ball 1-0: Ball 2-0: SOLO HOME RUN (Flyball, 78XD, EV 108.1 MPH), Distance : 427 ft
|
Batting: RHB Mario Carbajal
|
0-0: Ground out 3-1 (Groundball, 34S, EV 86.2 MPH)
|
Batting: LHB Rafael Banda
|
0-0: Ball 1-0: Fly out, F8 (Flyball, 8LM, EV 79.4 MPH)
|
Top of the 1st over - 1 run, 1 hit, 0 errors, 0 left on base; Hamilton 1 - Brockton 0 |
BOTTOM OF THE 1ST |
Brockton Rox batting - Pitching for Hamilton Cardinals : RHP David Lopez
|
Pitching: RHP David Lopez
|
|
Batting: LHB Eric Gaugler
|
0-0: Ball 1-0: Called Strike 1-1: Swinging Strike 1-2: Ball 2-2: Foul Ball, location: 2F 2-2: Ground out U3 (Groundball, 3, EV 80.6 MPH)
|
Batting: LHB Kien-lung Zou
|
0-0: Ball 1-0: Ball 2-0: Foul Ball, location: 2F 2-1: Swinging Strike 2-2: Ball 3-2: Foul Ball, location: 2F 3-2: Strikes out looking
|
Batting: RHB Kirk Cully
|
0-0: Ball 1-0: Ball 2-0: Foul Ball, location: 2F 2-1: Ball 3-1: Foul Ball, location: 2F 3-2: Foul Ball, location: 2F 3-2: Foul Ball, location: 2F 3-2: Base on Balls
|
Batting: RHB Felix Rangel
|
0-0: Called Strike Kirk Cully is caught stealing 2nd base 2-4
|
Bottom of the 1st over - 0 runs, 0 hits, 0 errors, 0 left on base; Hamilton 1 - Brockton 0 |
TOP OF THE 2ND |
Hamilton Cardinals batting - Pitching for Brockton Rox : RHP Mitsuharu Yoshimoto
|
Batting: LHB Mike East
|
0-0: Called Strike 0-1: Foul Ball, location: 2F 0-2: Ball 1-2: Reached on error, E4 (Groundball, 34, EV 101.2 MPH)
|
Batting: RHB Shou-feng Chang
|
0-0: Ball 1-0: Ball Mike East is caught stealing 3rd base 2-5 2-0: Called Strike 2-1: SINGLE (Groundball, 4S, EV 76.9 MPH) (infield hit)
|
Batting: LHB Pete Mitchell
|
0-0: Called Strike Shou-feng Chang is caught stealing 2nd base 2-6 0-1: Foul Ball, location: 2F 0-2: Strikes out swinging
|
Top of the 2nd over - 0 runs, 1 hit, 1 error, 0 left on base; Hamilton 1 - Brockton 0 |
BOTTOM OF THE 2ND |
Brockton Rox batting - Pitching for Hamilton Cardinals : RHP David Lopez
|
Batting: RHB Felix Rangel
|
0-0: Fly out, F9 (Flyball, 9, EV 82.5 MPH)
|
Batting: SHB Matsudaira Ikeda
|
0-0: Called Strike 0-1: Ground out U3 (Groundball, 3, EV 85.0 MPH)
|
Batting: RHB Eric Kent
|
0-0: Ball 1-0: Ball 2-0: Ball 3-0: Base on Balls
|
Batting: RHB Estevan Carrillo
|
0-0: Ball 1-0: Fly out, F4 (Line Drive, 34, EV 74.4 MPH)
|
Bottom of the 2nd over - 0 runs, 0 hits, 0 errors, 1 left on base; Hamilton 1 - Brockton 0 |
TOP OF THE 3RD |
Hamilton Cardinals batting - Pitching for Brockton Rox : RHP Mitsuharu Yoshimoto
|
Batting: RHB David Snyder
|
0-0: Ball 1-0: Called Strike 1-1: Ball 2-1: Foul Ball, location: 2F 2-2: SINGLE (Groundball, 6MD, EV 97.5 MPH)
|
Batting: SHB Brad Meyer
|
0-0: Ball 1-0: Called Strike 1-1: Ball 2-1: Fielders Choice at 2nd, 3-6 (Groundball, 34S, EV 87.5 MPH)
|
Batting: RHB Jonathan Winkler
|
0-0: Ball 1-0: Fielders Choice at 2nd, 3-6 (Groundball, 3S, EV 86.9 MPH)
|
Batting: RHB Juan Carrillo
|
0-0: Ball Jonathan Winkler steals 2nd base 1-0: Fly out, F8 (Flyball, 8RD, EV 89.4 MPH)
|
Top of the 3rd over - 0 runs, 1 hit, 0 errors, 1 left on base; Hamilton 1 - Brockton 0 |
BOTTOM OF THE 3RD |
Brockton Rox batting - Pitching for Hamilton Cardinals : RHP David Lopez
|
Batting: RHB Mo Tsang
|
0-0: Hit by Pitch
|
Batting: LHB Isaiah Spitzbarth
|
0-0: Ball 1-0: SINGLE (Line Drive, 9S, EV 90.6 MPH) Mo Tsang to second
|
Batting: LHB Eric Gaugler
|
0-0: Ball 1-0: Foul Ball, location: 2F 1-1: Ball 2-1: Swinging Strike 2-2: Strikes out looking
|
Batting: LHB Kien-lung Zou
|
0-0: Called Strike 0-1: Called Strike 0-2: Strikes out swinging
|
Batting: RHB Kirk Cully
|
0-0: Called Strike 0-1: Called Strike 0-2: Foul Ball, location: 2F 0-2: Ball 1-2: Ball 2-2: Foul Ball, location: 2F 2-2: Strikes out swinging
|
Bottom of the 3rd over - 0 runs, 1 hit, 0 errors, 2 left on base; Hamilton 1 - Brockton 0 |
TOP OF THE 4TH |
Hamilton Cardinals batting - Pitching for Brockton Rox : RHP Mitsuharu Yoshimoto
|
Batting: RHB Mario Carbajal
|
0-0: Ball 1-0: Ball 2-0: Ball 3-0: Called Strike 3-1: Base on Balls
|
Batting: LHB Rafael Banda
|
0-0: 2-RUN HOME RUN (Flyball, 9D, EV 100.0 MPH), Distance : 386 ft
|
Batting: LHB Mike East
|
0-0: Ball 1-0: Ball 2-0: Foul Ball, location: 2F 2-1: Ball 3-1: Swinging Strike 3-2: Foul Ball, location: 2F 3-2: Base on Balls
|
Batting: RHB Shou-feng Chang
|
0-0: Ball 1-0: Ball 2-0: Ball 3-0: Base on Balls Mike East to second
|
Batting: LHB Pete Mitchell
|
0-0: Fielders Choice at 2nd, 3-6 (Groundball, 34, EV 84.4 MPH) Mike East to third
|
Batting: RHB David Snyder
|
0-0: Called Strike 0-1: Ball 1-1: Swinging Strike 1-2: Ball 2-2: Fly out, F8 (Flyball, 8RM, EV 87.5 MPH) Runner from 3rd tags up, OUT at HOME! 8-2
|
Top of the 4th over - 2 runs, 1 hit, 0 errors, 1 left on base; Hamilton 3 - Brockton 0 |
BOTTOM OF THE 4TH |
Brockton Rox batting - Pitching for Hamilton Cardinals : RHP David Lopez
|
Batting: RHB Felix Rangel
|
0-0: Foul Ball, location: 2F 0-1: Swinging Strike 0-2: Ball 1-2: Ball 2-2: Ball 3-2: Base on Balls
|
Batting: SHB Matsudaira Ikeda
|
0-0: Ball 1-0: Called Strike 1-1: Called Strike Felix Rangel is caught stealing 2nd base 2-6 1-2: Strikes out swinging
|
Batting: RHB Eric Kent
|
0-0: Foul Ball, location: 2F 0-1: Called Strike 0-2: Foul Ball, location: 2F 0-2: Strikes out swinging
|
Bottom of the 4th over - 0 runs, 0 hits, 0 errors, 0 left on base; Hamilton 3 - Brockton 0 |
TOP OF THE 5TH |
Hamilton Cardinals batting - Pitching for Brockton Rox : RHP Mitsuharu Yoshimoto
|
Batting: SHB Brad Meyer
|
0-0: Called Strike 0-1: Ground out 4-3 (Groundball, 4, EV 89.4 MPH)
|
Batting: RHB Jonathan Winkler
|
0-0: Fly out, F8 (Flyball, 8LM, EV 86.9 MPH)
|
Batting: RHB Juan Carrillo
|
0-0: Called Strike 0-1: Foul Ball, location: 2F 0-2: Ball 1-2: Hit by Pitch
|
Batting: RHB Mario Carbajal
|
0-0: Called Strike 0-1: Ball 1-1: Ground out 4-3 (Groundball, 4S, EV 81.9 MPH)
|
Top of the 5th over - 0 runs, 0 hits, 0 errors, 1 left on base; Hamilton 3 - Brockton 0 |
BOTTOM OF THE 5TH |
Brockton Rox batting - Pitching for Hamilton Cardinals : RHP David Lopez
|
Batting: RHB Estevan Carrillo
|
0-0: Called Strike 0-1: Foul Ball, location: 2F 0-2: Strikes out swinging
|
Batting: RHB Mo Tsang
|
0-0: Fly out, F8 (Flyball, 8LS, EV 95.0 MPH)
|
Batting: LHB Isaiah Spitzbarth
|
0-0: Swinging Strike 0-1: Ball 1-1: Called Strike 1-2: Foul Ball, location: 2F 1-2: Strikes out swinging
|
Bottom of the 5th over - 0 runs, 0 hits, 0 errors, 0 left on base; Hamilton 3 - Brockton 0 |
TOP OF THE 6TH |
Hamilton Cardinals batting - Pitching for Brockton Rox : RHP Mitsuharu Yoshimoto
|
Batting: LHB Rafael Banda
|
0-0: Foul Ball, location: 2F 0-1: Ball 1-1: Ball 2-1: Foul Ball, location: 2F 2-2: Ball 3-2: Strikes out swinging
|
Batting: LHB Mike East
|
0-0: Ball 1-0: Foul Ball, location: 2F 1-1: Ball 2-1: Foul Ball, location: 2F 2-2: Ball 3-2: SOLO HOME RUN (Flyball, 89XD, EV 101.9 MPH), Distance : 419 ft
|
Batting: RHB Shou-feng Chang
|
0-0: Called Strike 0-1: Fly out, F9 (Flyball, 9, EV 86.2 MPH)
|
Batting: LHB Pete Mitchell
|
0-0: Called Strike 0-1: Fly out, F6 (Line Drive, 6M, EV 68.8 MPH)
|
Top of the 6th over - 1 run, 1 hit, 0 errors, 0 left on base; Hamilton 4 - Brockton 0 |
BOTTOM OF THE 6TH |
Brockton Rox batting - Pitching for Hamilton Cardinals : RHP David Lopez
|
Batting: LHB Eric Gaugler
|
0-0: Called Strike 0-1: Swinging Strike 0-2: Ball 1-2: Ball 2-2: Foul Ball, location: 2F 2-2: Strikes out looking
|
Batting: LHB Kien-lung Zou
|
0-0: Fly out, F7 (Flyball, 78M, EV 93.1 MPH)
|
Batting: RHB Kirk Cully
|
0-0: Ball 1-0: Ball 2-0: Ball 3-0: Called Strike 3-1: Base on Balls
|
Pitching: RHP Daniel McCleese
|
|
Batting: RHB Felix Rangel
|
0-0: Ball 1-0: Ball 2-0: Called Strike 2-1: Fielders Choice at 2nd, 6-4 (Groundball, 6, EV 109.4 MPH)
|
Bottom of the 6th over - 0 runs, 0 hits, 0 errors, 1 left on base; Hamilton 4 - Brockton 0 |
TOP OF THE 7TH |
Hamilton Cardinals batting - Pitching for Brockton Rox : RHP Mitsuharu Yoshimoto
|
Pitching: RHP Steve Seaman
|
|
Batting: RHB David Snyder
|
0-0: Called Strike 0-1: Ball 1-1: Foul Ball, location: 2F 1-2: Ball 2-2: Foul Ball, location: 2F 2-2: Fly out, F8 (Flyball, 8RD, EV 80.0 MPH)
|
Batting: SHB Brad Meyer
|
0-0: Foul Ball, location: 2F 0-1: Foul Ball, location: 2F 0-2: Ball 1-2: Ball 2-2: Strikes out looking
|
Batting: RHB Jonathan Winkler
|
0-0: Called Strike 0-1: Ball 1-1: Foul Ball, location: 2F 1-2: Fly out, F7 (Flyball, 7LSF, EV 90.6 MPH)
|
Top of the 7th over - 0 runs, 0 hits, 0 errors, 0 left on base; Hamilton 4 - Brockton 0 |
BOTTOM OF THE 7TH |
Brockton Rox batting - Pitching for Hamilton Cardinals : RHP Daniel McCleese
|
Batting: SHB Matsudaira Ikeda
|
0-0: Ball 1-0: Ground out 6-3 (Groundball, 6, EV 86.9 MPH)
|
Batting: RHB Eric Kent
|
0-0: Ground out 6-3 (Groundball, 6, EV 91.9 MPH)
|
Batting: RHB Estevan Carrillo
|
0-0: Ball 1-0: Fly out, F7 (Flyball, 78D, EV 94.4 MPH)
|
Bottom of the 7th over - 0 runs, 0 hits, 0 errors, 0 left on base; Hamilton 4 - Brockton 0 |
TOP OF THE 8TH |
Hamilton Cardinals batting - Pitching for Brockton Rox : RHP Steve Seaman
|
Batting: RHB Juan Carrillo
|
0-0: Called Strike 0-1: TRIPLE (Flyball, 89XD, EV 87.5 MPH)
|
Batting: RHB Mario Carbajal
|
0-0: Ground out 5-3 (Groundball, 56, EV 82.5 MPH) Juan Carrillo scores
|
Batting: LHB Rafael Banda
|
0-0: Foul Ball, location: 2F 0-1: Called Strike 0-2: Ball 1-2: SINGLE (Flyball, 78S, EV 86.2 MPH)
|
Batting: LHB Mike East
|
0-0: Ball 1-0: Called Strike 1-1: Ball 2-1: Called Strike 2-2: Ball 3-2: SINGLE (Groundball, 6MS, EV 70.0 MPH) (infield hit) Rafael Banda to second
|
Batting: RHB Shou-feng Chang
|
0-0: Ball 1-0: TRIPLE (Line Drive, 78XD, EV 105.6 MPH) Rafael Banda scores Mike East scores
|
Pinch Hitting: RHB Diego Herrera
|
0-0: Ball 1-0: Ball 2-0: Ball 3-0: Called Strike 3-1: Base on Balls
|
Batting: RHB David Snyder
|
0-0: Swinging Strike 0-1: Ball 1-1: Foul Ball, location: 2F 1-2: Foul Ball, location: 2F 1-2: Grounds into double play, 6-4-3 (Groundball, 6, EV 86.2 MPH)
|
Top of the 8th over - 3 runs, 4 hits, 0 errors, 1 left on base; Hamilton 7 - Brockton 0 |
BOTTOM OF THE 8TH |
Brockton Rox batting - Pitching for Hamilton Cardinals : RHP Daniel McCleese
|
Now in LF: Diego Herrera
|
|
Now in RF: Mike East
|
|
Batting: RHB Mo Tsang
|
0-0: Called Strike 0-1: Ball 1-1: Called Strike 1-2: Strikes out looking
|
Batting: LHB Isaiah Spitzbarth
|
0-0: Ball 1-0: Ball 2-0: Ball 3-0: Called Strike 3-1: Called Strike 3-2: Foul Ball, location: 2F 3-2: Base on Balls
|
Batting: LHB Eric Gaugler
|
0-0: Foul Ball, location: 2F 0-1: Swinging Strike 0-2: Ball 1-2: Ball 2-2: Foul Ball, location: 2F 2-2: Foul Ball, location: 2F 2-2: Strikes out swinging
|
Batting: LHB Kien-lung Zou
|
0-0: Called Strike 0-1: Foul Ball, location: 2F 0-2: Ball 1-2: Foul Ball, location: 2F 1-2: Strikes out looking
|
Bottom of the 8th over - 0 runs, 0 hits, 0 errors, 1 left on base; Hamilton 7 - Brockton 0 |
TOP OF THE 9TH |
Hamilton Cardinals batting - Pitching for Brockton Rox : RHP Steve Seaman
|
Pinch Hitting: RHB Joey Black
|
0-0: Ball 1-0: Ball 2-0: Ball 3-0: Base on Balls
|
Batting: RHB Jonathan Winkler
|
0-0: Hit by Pitch Joey Black to second
|
Batting: RHB Juan Carrillo
|
0-0: Foul Ball, location: 2F 0-1: Foul Ball, location: 2F 0-2: Fly out, F8 (Flyball, 8LD, EV 110.6 MPH)
|
Pinch Hitting: RHB Seung-kab Park
|
0-0: Foul Ball, location: 2F 0-1: Ball 1-1: Swinging Strike 1-2: Ball 2-2: Strikes out swinging
|
Pitching: LHP Jessie Leslie
|
|
Batting: LHB Rafael Banda
|
0-0: Ground out 4-3 (Groundball, 4, EV 88.1 MPH)
|
Top of the 9th over - 0 runs, 0 hits, 0 errors, 2 left on base; Hamilton 7 - Brockton 0 |
BOTTOM OF THE 9TH |
Brockton Rox batting - Pitching for Hamilton Cardinals : RHP Daniel McCleese
|
Pitching: RHP Adam Kelly
|
|
Now at 1B: Jon Rahn
|
|
Now at 3B: Seung-kab Park
|
|
Batting: RHB Kirk Cully
|
0-0: Foul Ball, location: 2F 0-1: SINGLE (Groundball, 6MD, EV 101.9 MPH)
|
Batting: RHB Felix Rangel
|
0-0: Foul Ball, location: 2F 0-1: Called Strike 0-2: Ball 1-2: Foul Ball, location: 2F 1-2: Ball 2-2: Foul Ball, location: 2F 2-2: Strikes out looking
|
Pinch Hitting: SHB Arihito Hiramoto
|
0-0: Foul Ball, location: 2F 0-1: Called Strike 0-2: Ball 1-2: Strikes out looking
|
Batting: RHB Eric Kent
|
0-0: Called Strike 0-1: Swinging Strike 0-2: Ball 1-2: Reached on error, E3 (Groundball, 34, EV 108.1 MPH) Kirk Cully to second
|
Batting: RHB Estevan Carrillo
|
0-0: Fly out, F3 (Popup, 3SF, EV 76.9 MPH)
|
Bottom of the 9th over - 0 runs, 1 hit, 1 error, 2 left on base; Hamilton 7 - Brockton 0 |
|